 Dungeon Crawl Stone Soup version 0.27-a0-1119-gbf574a6 (webtiles) character file.

Game seed: 6994210249811111607

252 Nithhogg the Cleaver (level 6, 0/51 HPs)
             Began as a Hill Orc Fighter on May 2, 2021.
             Slain by a gnoll
             ... wielding a +0 halberd
              (4 damage)
             ... on level 5 of the Dungeon.
             The game lasted 00:04:25 (3049 turns).

Nithhogg the Cleaver (Hill Orc Fighter)             Turns: 3049, Time: 00:04:25

Health: 0/51       AC:  6    Str: 21    XL:     6   Next: 13%
Magic:  6/6        EV: 11    Int:  8    God:
Gold:   84         SH:  9    Dex: 10    Spells: 5/5 levels left

rFire    . . .     SeeInvis .   a - +0 war axe
rCold    . . .     Faith    .   c - +0 kite shield
rNeg     . . .     Spirit   .   b - +0 scale mail
rPois    .         Reflect  .   (no helmet)
rElec    .         Harm     .   (no cloak)
rCorr    .         Rampage  .   (no gloves)
Will     .....                  (no boots)
Stlth    ..........             (no amulet)
HPRegen  0.17/turn              e - +4 ring of evasion
MPRegen  0.10/turn              (no ring)

@: brilliant, attractive, flying
A: no striking features
a: no special abilities


You were on level 5 of the Dungeon.
You visited 1 branch of the dungeon, and saw 5 of its levels.

You collected 84 gold pieces.

Inventory:

Hand Weapons
 a - a +0 war axe (weapon)
Armour
 b - a +0 scale mail (worn)
 c - a +0 kite shield (worn)
Jewellery
 e - a +4 ring of evasion (left hand)
Wands
 m - a wand of iceblast (5) (quivered)
Scrolls
 f - a scroll of amnesia
 h - a scroll of blinking {unknown}
 k - a scroll of magic mapping {unknown}
 n - a scroll of identify {unknown}
Potions
 d - a potion of might
 i - 2 potions of brilliance
 j - a potion of attraction


   Skills:
 - Level 3.6 Fighting
 + Level 8.3 Axes
 - Level 3.2 Armour
 - Level 3.2 Shields


You had 5 spell levels left.
You didn't know any spells.
Your spell library was empty.

Dungeon Overview and Level Annotations

Branches:
Dungeon (4/15)
 Temple: D:4-7

Altars:


Message History

You feel clever all of a sudden.
You feel sick. The kobold closely misses you. The kobold barely misses you.
The kobold closely misses you. You block the gnoll's attack.
You feel sick. The kobold barely misses you.
Okay, then.
As you read the scroll of teleportation, it crumbles to dust.
You feel strangely stable.
You feel sick. You block the kobold's attack. The gnoll closely misses you.
The kobold closely misses you.
You feel sick. You block the kobold's attack.
You feel sick.
You are no longer poisoned.
You block the kobold's attack.
It was a potion of attraction.
You feel attractive to monsters.
The kobold hits you with a +0 short sword.
* * * LOW HITPOINT WARNING * * *
The kobold is pulled toward you!
It was a potion of magic.
Magic courses through your body. The kobold completely misses you.
It was a potion of flight.
You feel very buoyant.
You fly up into the air.
The kobold hits you but does no damage.
You hit the kobold.
The kobold is severely wounded.
The kobold barely misses you.
You hit the kobold.
You kill the kobold!
The kobold unwields a +0 dagger.
The kobold wields a +0 hand crossbow.
The kobold shoots a bolt.
The bolt hits you.
* * * LOW HITPOINT WARNING * * *
You slash the kobold brigand!
The kobold brigand is moderately wounded.
The kobold brigand hits you with a +0 club.
* * * LOW HITPOINT WARNING * * *
You block the gnoll's attack.
You hit the kobold brigand.
The kobold brigand is moderately wounded.
You block the kobold brigand's attack.
The gnoll hits you from afar with a +0 halberd.
You die...

.....#....##.##....#
#..................##
##.........K........#.
###.#................
...#..:.#?..........
...................#
#..#.......#K..##### #
#########KK### #.KKK@#
###g### ###


You could see a kobold brigand, a gnoll and 5 kobolds.

Vanquished Creatures
  An orc priest (D:3)
  Ijyb (D:3)
  An orc wizard (D:3)
  Robin (D:3)
  6 gnolls
  An adder (D:3)
  A shadow imp (D:3)
  2 dart slugs
  8 orcs (D:3)
  3 ball pythons
  4 bats
  3 endoplasms (D:1)
  5 giant cockroaches
  12 goblins
  8 hobgoblins
  4 jackals (D:2)
  2 quokkas (D:1)
  4 frilled lizards
  2 kobolds
  7 rats
76 creatures vanquished.

Vanquished Creatures (others)
  A kobold (D:3)
  2 plants (D:3)
3 creatures vanquished.

Grand Total: 79 creatures vanquished

Notes
Turn   | Place    | Note
-------+----------+-------------------------------------------
     0 | D:1      | Nithhogg the Hill Orc Fighter began the quest for the Orb.
     0 | D:1      | Reached XP level 1. HP: 19/19 MP: 1/1
   220 | D:1      | Reached skill level 3 in Axes
   220 | D:1      | Reached XP level 2. HP: 15/26 MP: 2/2
   222 | D:1      | Reached skill level 4 in Axes
   577 | D:1      | Reached XP level 3. HP: 23/31 MP: 3/3
   995 | D:2      | Reached skill level 5 in Axes
  1040 | D:2      | Reached XP level 4. HP: 22/39 MP: 4/4
  1323 | D:2      | Reached skill level 6 in Axes
  1799 | D:3      | Reached XP level 5. HP: 40/45 MP: 5/5
  1945 | D:3      | Noticed Ijyb
  1959 | D:3      | Killed Ijyb
  1960 | D:3      | Reached skill level 7 in Axes
  2596 | D:3      | Found a faded altar of an unknown god.
  2753 | D:3      | Noticed Robin
  2770 | D:3      | Killed Robin
  2793 | D:3      | Reached skill level 8 in Axes
  2841 | D:3      | Reached XP level 6. HP: 48/51 MP: 6/6
  2998 | D:4      | You fall into a shaft and drop 1 floor!
  2998 | D:5      | Entered Level 5 of the Dungeon
  3049 | D:5      | Slain by a gnoll

Illustrated notes

Levels and vault maps discovered:
D:1:      minmay_arrival_widening_spiral_narrow, layout_basic
D:2:      layout_loops_cross
D:3:      layout_loops_cross, shapermc_ecumenical_altar_mp_ritualfount,
          uniq_robin, uniq_ijyb
D:4:      minmay_general_purpose_star, layout_basic, slow_altar_2, uniq_sigmund
D:5:      layout_cave_pools, nicolae_ru_sacrificial_ziggurat

Skill      XL: |  1  2  3  4  5 |
---------------+----------------+-----
Axes           | 3 4 5 6 8 |  8.3
Fighting       | |  3.6
Armour         | |  3.2
Shields        | |  3.2

Action                   |  1- 3 |  4- 6 || total
-------------------------+-------+-------++-------
Melee: War axe           |    64 |   153 ||   217
Evoke: Wand              |       |     2 ||     2
  Use: Potion            |     1 |     4 ||     5
       Scroll            |       |     3 ||     3
Armor: Scale mail        |    22 |    56 ||    78
Dodge: Dodged            |    22 |    61 ||    83
Block: Kite shield       |    39 |    81 ||   120

Table legend: (Time is in decaauts)
 A = Elapsed time spent in this place.
 B = Non-inter-level travel time spent in this place.
 C = Inter-level travel time spent in this place.
 D = Time resting spent in this place.
 E = Time spent auto-exploring this place.
 F = Levels seen in this place.
 G = Mean time per level.
                   A        B        C        D        E       F      G
               +--------+--------+--------+--------+--------+-----+--------+
         Total |   3138 |   3084 |     54 |      0 |   2506 |   5 |  627.6 |
       Dungeon |   3138 |   3084 |     54 |      0 |   2506 |   5 |  627.6 |
               +--------+--------+--------+--------+--------+-----+--------+

Top non-repeatable levels by time:
     D:3: 1266 daAuts
     D:1: 1016 daAuts
     D:2: 803 daAuts
     D:5: 51 daAuts
     D:4: 0 daAuts
